 Dungeon Crawl Stone Soup version 0.32-a0-471-gb91d5d9764 (webtiles) character file.

Game seed: 11199482446880729999

282028 Alarak the Eclecticist (level 21, -34/163 HPs)
             Began as a Djinni Fire Elementalist on Feb 24, 2024.
             Was the Champion of Makhleb.
             Annihilated by a caustic shrike simulacrum (75 damage)
             ... on level 2 of the Vaults on Feb 25, 2024.
             The game lasted 05:00:17 (38071 turns).

Alarak the Eclecticist (Djinni Fire Elementalist)  Turns: 38071, Time: 05:00:27

Health: -34/163    AC: 18    Str:  7    XL:     21   Next: 39%
Gold:   1756       EV: 22    Int: 30    God:    Makhleb [******] SH: 14 Dex: 15

rFire   + + +        k - staff of Destruction {rF+ rN+ Int+3 Stlth- Hexes Fire}
rCold   x . .        T - +2 kite shield {AC+3}
rNeg    + . .        P - +0 troll leather armour
rPois   ∞            g - +2 helmet
rElec   +            N - +0 cloak
rCorr   .            l - +0 pair of gloves
SInv    .            (boots unavailable)
Will    +++..        m - amulet of regeneration
Stlth   +            Z - ring of the Blue Skies {rElec rPois Will+ AC+4}
HPRegen 2.07/turn    K - ring "Ismy" {rPois EV+5}
MPRegen 0.00/turn

%: infuse magic (-35 HP)
@: flying
A: sickness immunity, fire resistance 2, cold vulnerability 1, float, innate
caster, HP casting, extra vitality 1
}: 2/15 runes: serpentine, barnacled
a: Renounce Religion, Minor Destruction, Lesser Servant of Makhleb, Major
Destruction, Greater Servant of Makhleb


You were on level 2 of the Vaults.
You worshipped Makhleb.
Makhleb was exalted by your worship.
You visited 7 branches of the dungeon, and saw 33 of its levels.
You also visited: Bailey and Ice Cave.

You collected 3246 gold pieces.
You spent 1490 gold pieces at shops.

Inventory:

Armour
 g - a +2 helmet (worn)
 l - a +0 pair of gloves (worn)
 C - a +2 kite shield of positive energy
 N - a +0 cloak (worn)
 P - a +0 troll leather armour (worn)
 Q - a +2 kite shield of reflection
 T - a +2 kite shield of protection (worn)
Magical Staves
 k - the staff of Destruction (weapon) {rF+ rN+ Int+3 Stlth- Hexes Fire}
   (You took it off an orc wizard on level 8 of the Dungeon)

   [staff of fire]

   Base accuracy: +5 Base damage: 5 Base attack delay: 1.2 This weapon's minimum
   attack delay (0.6) is reached at skill level 12.
   Int+3:     It affects your intelligence (+3).
   rF+:       It protects you from fire.
   rN+:       It protects you from negative energy.
   Stlth-:    It makes you less stealthy.
   Hexes:     It increases the power of your Hexes spells.
   Fire:      It increases the power of your Fire spells.
   It falls into the 'Staves' category.
   It is a one-handed weapon.
Jewellery
 j - a ring of positive energy
 m - an amulet of regeneration (around neck)
 p - a ring of willpower
 B - a +6 ring of intelligence
 F - a ring of resist corrosion
 I - a +4 ring of protection
 K - the ring "Ismy" (right hand) {rPois EV+5}
   (You took it off Azrael on level 14 of the Dungeon)

   [ring of evasion]

   EV+5:      It affects your evasion (+5).
   rPois:     It protects you from poison
 W - a ring of ice
 X - the ring "Zuirozxu" {rF+ rCorr Dex+6 Slay+2}
   (You found it on level 4 of the Shoals)

   [ring of dexterity]

   Dex+6:     It affects your dexterity (+6).
   Slay+2:    It affects your accuracy & damage with ranged weapons and melee
   (+2).
   rF+:       It protects you from fire.
   rCorr:     It protects you from acid and corrosion.
 Y - a +6 ring of intelligence
 Z - the ring of the Blue Skies (left hand) {rElec rPois Will+ AC+4}
   (You bought it in a shop on level 4 of the Snake Pit)

   [ring of protection]

   AC+4:      It affects your AC (+4).
   rElec:     It insulates you from electricity.
   rPois:     It protects you from poison Will+: It increases your willpower.
Wands
 r - a wand of roots (23)
 t - a wand of mindburst (18)
 v - a wand of light (21)
 y - a wand of charming (20)
 D - a wand of digging (15)
 J - a wand of flame (19)
Scrolls
 f - 4 scrolls of revelation
 h - 3 scrolls of poison
 n - 3 scrolls of enchant weapon
 o - 6 scrolls of teleportation
 s - 2 scrolls of enchant armour
 z - a scroll of fear
 A - 3 scrolls of silence
 H - 2 scrolls of identify
 M - 2 scrolls of blinking
 O - 4 scrolls of fog
 S - a scroll of immolation
 U - a scroll of summoning
Potions
 a - 3 potions of might
 b - 11 potions of curing
 d - 5 potions of haste
 e - 2 potions of cancellation
 q - 15 potions of ambrosia
 u - 4 potions of lignification
 w - 2 potions of enlightenment
 x - 3 potions of brilliance
 E - 4 potions of mutation
 G - 5 potions of invisibility
 L - a potion of resistance
 R - 3 potions of heal wounds


   Skills:
 - Level 18.0 Fighting
 - Level 13.0 Armour
 - Level 15.0 Dodging
 - Level 1.5 Stealth
 - Level 11.1 Shields
 * Level 20.3 Spellcasting
 * Level 20.3 Conjurations
 * Level 20.3 Hexes
 * Level 20.3 Summonings
 * Level 20.3 Necromancy
 * Level 20.3 Translocations
 * Level 20.3 Fire Magic
 * Level 20.3 Ice Magic
 * Level 20.3 Air Magic
 * Level 20.3 Earth Magic
 * Level 20.3 Alchemy


You knew the following spells:

 Your Spells              Type           Power      Damage    Failure   Level
a - Foxfire               Conj/Fire      100%       2x1d9     0%          1
b - Scorch                Fire           100%       2d9       0%          2
c - Volatile Blastmotes   Fire/Tloc      100%       2d18      0%          3
d - Inner Flame           Hex/Fire       100%       N/A       0%          3
e - Flame Wave            Conj/Fire      100%       2d21      0%          4
f - Shock                 Conj/Air       100%       1d9       0%          1
g - Call Imp              Summ           100%       N/A       0%          2
h - Stone Arrow           Conj/Erth      100%       3d13      0%          3
i - Teleport Other        Tloc           100%       N/A       0%          3
j - Fulminant Prism       Conj/Alch      50%        3d22      0%          4
k - Iskenderun's Battles  Conj           100%       2d15      1%          5
l - Death Channel         Necr           50%        N/A       1%          6
m - Bombard               Conj/Erth      50%        9d8       1%          6
n - Conjure Ball Lightni  Conj/Air       50%        3x3d17    1%          6
o - Infestation           Necr           50%        N/A       9%          8
Your spell library was empty.

Dungeon Overview and Level Annotations

Branches:
Dungeon (15/15)            Temple (1/1) D:6            Lair (5/5) D:9
 Shoals (4/4) Lair:3        Snake (4/4) Lair:3        Slime (0/5) Lair:4
    Orc (2/2) D:9             Elf (0/3) Orc:2        Vaults (2/5) D:13
 Depths (0/4) D:15         Bailey (visited)           IceCv (visited)
  Crypt: Vaults:2-3

Altars:
Ashenzari
Cheibriados
Dithmenos
Elyvilon
Fedhas
Gozag
Hepliaklqana
Makhleb
Nemelex Xobeh
Okawaru
Qazlal
Ru
Trog
Uskayaw
Wu Jian
Xom
Yredelemnul
Zin
The Shining One
Beogh

Shops:
Orc:2 (([=?   Shoals:1 (   Shoals:2 [   Shoals:3 *   Snake:3 :   Snake:4 =

Annotations:
D:10 exclusion: door
Vaults:2 exclusion: ice statue


Innate Abilities, Weirdness & Mutations

You are immune to sickness and miasma.
You are immune to poison.
Your flesh is very heat resistant. (rF++)
You are vulnerable to cold. (rC-)
You float through the air rather than walking.
You learn spells naturally, not from books.
Your magical power is your life essence.
You have superior vitality. (+4 MHP)


Message History

The fire dragon simulacrum freezes you!!
You feel a terrible chill!
The fire dragon simulacrum closely misses you.
Casting: Bombard (mildly dangerous; 1% risk of failure)
Confirm with . or Enter, or press ? or * to list all spells.
Aiming: Fulminant Prism (safe; 0% risk of failure)
Press: ? - help, Dir - move target, f - bunyip simulacrum, p - ogre mage
Aim: a bunyip simulacrum (water, infested)
Okay, then.
You swap places.
Your death scarab bites the fire dragon simulacrum!!
The fire dragon simulacrum vaporises!
Makhleb accepts your kill.
A death scarab bursts from the fire dragon simulacrum!
Casting: Fulminant Prism (safe; 0% risk of failure)
Confirm with . or Enter, or press ? or * to list all spells.
Aiming: Fulminant Prism (safe; 0% risk of failure)
Press: ? - help, Dir - move target You conjure a prism of explosive energy!
A fulminant prism comes into view.
Your death scarab barely misses the caustic shrike simulacrum.
Your death scarab closely misses the caustic shrike simulacrum.
The caustic shrike simulacrum claws you!
The caustic shrike simulacrum freezes you!!!!
You feel a terrible chill!
* * * LOW HITPOINT WARNING * * *
Your death scarab barely misses the caustic shrike simulacrum.
Your death scarab bites the caustic shrike simulacrum!
Your death scarab drains the caustic shrike simulacrum's vigour!
The caustic shrike simulacrum seems to slow down.
The caustic shrike simulacrum attacks as it pursues you!
You block the caustic shrike simulacrum's attack.
The bunyip simulacrum claws your death scarab!
The bunyip simulacrum freezes your death scarab!!
Your death scarab is destroyed!
The caustic shrike simulacrum claws you.
* * * LOW HITPOINT WARNING * * *
The caustic shrike simulacrum freezes you!!!!
You feel a terrible chill!
You die...

........##..[#.#.#.#.#...##
#....
........[).#...........#..#
#.)..
........###.Z#...#...#..###
#..[) ........#
###.B#...#..### #....
........# ###..#..### #....
........#######+##'######
#....
........##..............#
#....
........#..#..#.B.......#
#....
........#....*.Z@.......#
#....
........#####Z####......#
#.... ........#


ZZO #.>....# #.... ........##.≈.≈ #......# #.[.. ........##≈.≈Z #......# #....
........##.≈.≈ #......# #.... ........##≈≈≈. #......# #^... ........##I..≈
######## #.... ........# #.... You could see a caustic shrike simulacrum
(infested, slow, ally target), a bunyip simulacrum (infested), a friendly death
scarab and a friendly fulminant prism.

Vanquished Creatures
  Jorgrun (D:15)
  Mlioglotl (Shoals:1)
  Aizul (Snake:1)
  A tengu reaver (D:14)
  Donald (Shoals:1)
  Ilsuiw (Shoals:2)
  5 nagarajas (Snake:4)
  2 vault wardens (Vaults:1)
  Louise (Shoals:1)
  2 orc warlords (Orc:2)
  6 ironbound preservers
  A formless jellyfish (Vaults:1)
  A stone giant (D:15)
  The ghost of Konar the Spry, a journeyman CoHu of Hepliaklqana (Orc:2)
  An ironbound thunderhulk (Vaults:2)
  Azrael (D:14)
  2 merfolk javelineers
  2 fire dragons
  3 yaktaur captains
  6 merfolk impalers
  6 hydras
  An ice dragon (D:14)
  2 entropy weavers (Vaults:1)
  3 vault guards (Vaults:1)
  A great orb of eyes (Vaults:1)
  2 salamander tyrants
  2 rakshasas (D:14)
  A death knight (D:14)
  5 ironbound frosthearts
  An alligator snapping turtle (Shoals:1)
  A catoblepas (D:13)
  5 merfolk avatars
  9 centaur warriors
  13 death yaks
  5 two-headed ogres
  3 boulder beetles
  9 anacondas
  5 merfolk aquamancers
  17 naga warriors
  Urug (Lair:1)
  3 tengu warriors (D:15)
  3 naga sharpshooters
  A skyshark (Lair:4)
  Sonja (D:11)
  4 shock serpents
  Lodul (D:14)
  7 salamander mystics
  8 sea snakes
  A goliath frog (Lair:5)
  6 deep trolls
  5 arcanists
  A bog body (IceCv)
  4 naga ritualists
  6 mana vipers
  2 orc knights
  4 ironbound convokers (Vaults:1)
  4 lindwurms (Vaults:1)
  A necromancer (IceCv)
  16 harpies
  A human zombie (Vaults:2)
  4 orc sorcerers (Orc:2)
  20 ugly things
  2 deep elf pyromancers
  2 oklob plants (Lair:4)
  17 salamanders
  6 cyclopes
  17 manticores
  A cyclops (shapeshifter) (D:13)
  3 fauns
  24 elephants
  4 guardian serpents
  3 meliai (D:12)
  9 kobold blastminers (Orc:2)
  9 merfolk sirens
  33 cane toads
  6 water nymphs
  9 naga magi
  6 vault sentinels
  4 gargoyles
  42 black mambas
  2 ice statues (IceCv)
  An unseen horror (D:10)
  2 torpor snails
  A kobold demonologist (D:9)
  7 ice devils
  An unseen horror (shapeshifter) (D:14)
  4 freezing wraiths
  11 komodo dragons
  2 anaconda simulacra (IceCv)
  5 rime drakes
  2 efreet
  2 yaktaurs (Vaults:2)
  25 merfolk
  6 trolls
  2 hornets
  4 polar bears (Lair:3)
  A queen bee (D:12)
  2 tyrant leeches (Lair:5)
  28 blink frogs
  A tengu simulacrum (Vaults:2)
  2 dream sheep
  6 wind drakes
  10 snapping turtles
  6 slime creatures
  A yak (shapeshifter) (D:15)
  6 water elementals
  A vampire (Bailey)
  A shadow (D:13)
  2 spriggans (shapeshifter)
  2 dire elephant simulacra (IceCv)
  2 fire elementals (D:14)
  7 wyverns
  46 yaks
  7 basilisks
  6 wargs
  A wraith (D:10)
  A redback (Vaults:1)
  5 hogs (Shoals:1)
  3 steam dragons
  A death yak simulacrum (IceCv)
  9 vampire mosquitoes
  20 water moccasins
  2 acid dragons (D:14)
  2 harpy simulacra (IceCv)
  31 nagas
  2 hell hounds (D:14)
  4 hydra simulacra (IceCv)
  A swamp drake (D:9)
  30 orc warriors
  2 black bears
  An ice beast (D:7)
  A laughing skull (D:14)
  13 ogres
  8 wolves (Lair:3)
  2 boggarts
  13 centaurs
  A phantom (D:7)
  A human skeleton (Vaults:2)
  19 bullfrogs
  A spectral warg (Orc:2)
  A scorpion (D:7)
  2 two-headed ogre simulacra
  19 wights
  A spectral ogre (Orc:2)
  6 vampire bats (Bailey)
  25 killer bees
  5 howler monkeys
  6 wolf zombies (Bailey)
  3 electric eels
  2 bombardier beetles (D:4)
  4 hounds
  A jelly (D:6)
  A gnoll bouda (D:4)
  23 orc priests
  A sleepcap (D:6)
  2 iguanas
  29 orc wizards
  2 spectral orcs (Orc:2)
  A spriggan simulacrum (IceCv)
  2 polar bear simulacra (IceCv)
  3 gnolls (D:4)
  An ogre simulacrum (Orc:2)
  6 adders
  2 white imps (D:6)
  2 orc simulacra (Orc:2)
  2 ribbon worms (D:2)
  2 dart slugs
  97 orcs
  3 ball pythons
  5 endoplasms
  4 giant cockroaches
  8 goblins
  12 hobgoblins
  9 jackals
  4 kobolds
  8 quokkas
  6 bats
  3 frilled lizards
  22 orc zombies (Bailey)
  7 rats
  40 foxfires
  8 fulminant prisms
1210 creatures vanquished.

Vanquished Creatures (collateral kills)
  Kirke (Shoals:1)
  3 nagarajas (Snake:4)
  2 vault wardens
  An orc warlord (Vaults:2)
  A formless jellyfish (Shoals:4)
  2 ironbound preservers
  A war gargoyle (Vaults:1)
  2 merfolk javelineers
  2 yaktaur captains (Vaults:1)
  2 great orbs of eyes
  2 centaur warriors (Vaults:1)
  A salamander tyrant (Snake:4)
  2 ironbound frosthearts
  2 anacondas (Snake:4)
  An ogre mage (Vaults:1)
  A satyr (Shoals:4)
  A merfolk avatar (Shoals:4)
  2 merfolk aquamancers
  A death yak (Lair:5)
  2 naga warriors (Snake:4)
  3 naga sharpshooters (Snake:4)
  A shock serpent (Snake:2)
  A skyshark (Shoals:2)
  A salamander mystic (Snake:4)
  A sea snake (Shoals:3)
  5 deep trolls
  An arcanist (Vaults:2)
  2 naga ritualists (Snake:2)
  An ironbound convoker (Vaults:1)
  A glowing orange brain (D:14)
  6 harpies
  A necromancer (Vaults:2)
  A lindwurm (Vaults:2)
  3 orc knights (Vaults:2)
  2 fauns
  8 ugly things
  2 salamanders
  5 manticores
  6 black mambas
  An elephant (Lair:5)
  3 guardian serpents (Snake:4)
  4 merfolk sirens
  6 vault sentinels
  A water nymph (Shoals:4)
  A naga mage (Snake:4)
  3 yaktaurs (Vaults:2)
  A yaktaur (shapeshifter) (D:14)
  2 merfolk (Shoals:4)
  A troll (Orc:2)
  A blink frog (Lair:5)
  3 wind drakes (Shoals:4)
  A dream sheep (Shoals:4)
  3 slime creatures
  2 snapping turtles (Shoals:4)
  3 water elementals
  A warg (Orc:2)
  A vampire mosquito (Lair:5)
  8 nagas (Snake:4)
  An orc warrior (Orc:2)
  A fire dragon simulacrum (Vaults:2)
  2 boggarts (Vaults:2)
  4 ogres
  2 orc priests (Orc:2)
  An orc wizard (Orc:2)
  7 orcs (Orc:2)
  54 foxfires
201 creatures vanquished.

Vanquished Creatures (others)
  A cyclops (D:14)
  A slime creature (D:14)
  A centaur simulacrum (D:14)
  A naga (Snake:4)
  25 ball lightnings
  3080 foxfires
  228 fulminant prisms
3337 creatures vanquished.

Grand Total: 4748 creatures vanquished

Notes
Turn   | Place    | Note
-------+----------+-------------------------------------------
     0 | D:1      | Alarak the Djinni Fire Elementalist began the quest for the
                  | Orb.
     0 | D:1      | Alarak set off with the following spells memorised:
                  | Foxfire, Scorch, Volatile Blastmotes, Inner Flame, Flame
                  | Wave.
     0 | D:1      | Reached XP level 1. HP: 15/15 MP: 0/0
     5 | D:1      | Noticed an electric eel
   223 | D:1      | Reached XP level 2. HP: 19/21 MP: 0/0
   566 | D:1      | Found a faded altar of an unknown god.
   675 | D:2      | Reached XP level 3. HP: 20/25 MP: 0/0
   675 | D:2      | Learned a level 1 spell: Shock
  1394 | D:2      | Reached XP level 4. HP: 27/31 MP: 0/0
  2621 | D:3      | Reached skill level 1 in Shields
  2792 | D:3      | Reached XP level 5. HP: 26/35 MP: 0/0
  2792 | D:3      | Learned a level 2 spell: Call Imp
  3055 | D:4      | Reached XP level 6. HP: 21/40 MP: 0/0
  3224 | D:4      | Reached skill level 5 in Spellcasting
  3224 | D:4      | Reached skill level 5 in Conjurations
  3224 | D:4      | Reached skill level 5 in Hexes
  3224 | D:4      | Reached skill level 5 in Summonings
  3224 | D:4      | Reached skill level 5 in Necromancy
  3224 | D:4      | Reached skill level 5 in Translocations
  3224 | D:4      | Reached skill level 5 in Fire Magic
  3224 | D:4      | Reached skill level 5 in Ice Magic
  3224 | D:4      | Reached skill level 5 in Air Magic
  3224 | D:4      | Reached skill level 5 in Earth Magic
  3224 | D:4      | Reached skill level 5 in Alchemy
  3649 | D:4      | Found a sacrificial altar of Ru.
  3672 | D:4      | Reached XP level 7. HP: 25/45 MP: 0/0
  3672 | D:4      | Learned a level 3 spell: Stone Arrow
  3969 | D:5      | Entered Level 5 of the Dungeon
  4765 | D:6      | Found a staircase to the Ecumenical Temple.
  4778 | Temple   | Entered the Ecumenical Temple
  4801 | Temple   | Became a worshipper of Makhleb the Destroyer
  4850 | D:6      | Reached XP level 8. HP: 44/50 MP: 0/0
  6042 | D:7      | Found a shadowy altar of Dithmenos.
  6206 | D:7      | Noticed a troll
  6209 | D:7      | Killed a troll
  6210 | D:7      | Reached XP level 9. HP: 50/55 MP: 0/0
  6210 | D:7      | Learned a level 3 spell: Teleport Other
  6794 | D:8      | Reached * piety under Makhleb
  6834 | D:8      | Noticed a hornet
  6836 | D:8      | Killed a hornet
  6917 | D:8      | Reached skill level 10 in Spellcasting
  6917 | D:8      | Reached skill level 10 in Conjurations
  6917 | D:8      | Reached skill level 10 in Hexes
  6917 | D:8      | Reached skill level 10 in Summonings
  6917 | D:8      | Reached skill level 10 in Necromancy
  6917 | D:8      | Reached skill level 10 in Translocations
  6917 | D:8      | Reached skill level 10 in Fire Magic
  6917 | D:8      | Reached skill level 10 in Ice Magic
  6917 | D:8      | Reached skill level 10 in Air Magic
  6917 | D:8      | Reached skill level 10 in Earth Magic
  6917 | D:8      | Reached skill level 10 in Alchemy
  7122 | D:8      | Identified the staff of Destruction {rF+ rN+ Int+3 Stlth-
                  | Hexes Fire}
  7592 | D:8      | Reached XP level 10. HP: 37/60 MP: 0/0
  8161 | D:8      | Reached ** piety under Makhleb
  8847 | D:9      | Reached XP level 11. HP: 41/65 MP: 0/0
  8847 | D:9      | Learned a level 4 spell: Fulminant Prism
  8888 | D:9      | Found a flagged portal.
  8947 | Bailey   | Entered a bailey
  8977 | Bailey   | Reached skill level 5 in Dodging
  9120 | Bailey   | Reached *** piety under Makhleb
  9751 | D:9      | Noticed a two-headed ogre
  9756 | D:9      | Killed a two-headed ogre
 10264 | D:9      | Found a staircase to the Orcish Mines.
 10668 | D:9      | Reached skill level 1 in Fighting
 10887 | D:9      | Found a staircase to the Lair.
 11280 | D:10     | Entered Level 10 of the Dungeon
 11433 | D:10     | Noticed a centaur warrior
 11538 | D:10     | Reached skill level 5 in Fighting
 11745 | D:10     | Noticed a two-headed ogre
 11749 | D:10     | Killed a two-headed ogre
 11750 | D:10     | Reached XP level 12. HP: 77/83 MP: 0/0
 11846 | D:10     | Reached **** piety under Makhleb
 12144 | D:10     | Found a large runed translucent door.
 12145 | D:10     | Found a large runed translucent door.
 12206 | D:10     | You are sucked into a shaft and drop 1 floor!
 12249 | D:11     | Noticed Sonja
 12256 | D:11     | Killed Sonja
 12483 | D:10     | Noticed a centaur warrior
 12595 | D:10     | Found an iron altar of Okawaru.
 12595 | D:10     | Found an iron altar of Okawaru.
 13092 | D:11     | Noticed a two-headed ogre
 13098 | D:11     | Killed a two-headed ogre
 13859 | D:12     | Reached skill level 10 in Fighting
 14110 | D:12     | Found a frozen archway.
 14203 | IceCv    | Entered an ice cave
 14208 | IceCv    | Reached ***** piety under Makhleb
 14553 | IceCv    | Reached XP level 13. HP: 100/100 MP: 0/0
 14553 | IceCv    | Learned a level 5 spell: Iskenderun's Battlesphere
 15170 | D:12     | Identified the +1 flail of Tisimnao {drain, rF+ Int+4}
 15845 | Lair:1   | Entered Level 1 of the Lair of Beasts
 15846 | Lair:1   | Noticed Urug
 15944 | Lair:1   | Killed Urug
 16036 | Lair:1   | Found an iron altar of Okawaru.
 16856 | Lair:2   | Noticed a six-headed hydra
 16864 | Lair:2   | Killed a six-headed hydra
 17721 | Lair:3   | Reached ****** piety under Makhleb
 17740 | Lair:3   | Reached XP level 14. HP: 73/110 MP: 0/0
 17874 | Lair:3   | Identified the +8 battleaxe "Sunoneug" {flame, rElec Int+3}
 18401 | Lair:3   | Found a staircase to the Shoals.
 18539 | Lair:3   | Reached skill level 15 in Spellcasting
 18539 | Lair:3   | Reached skill level 15 in Conjurations
 18539 | Lair:3   | Reached skill level 15 in Hexes
 18539 | Lair:3   | Reached skill level 15 in Summonings
 18539 | Lair:3   | Reached skill level 15 in Necromancy
 18539 | Lair:3   | Reached skill level 15 in Translocations
 18539 | Lair:3   | Reached skill level 15 in Fire Magic
 18539 | Lair:3   | Reached skill level 15 in Ice Magic
 18539 | Lair:3   | Reached skill level 15 in Air Magic
 18539 | Lair:3   | Reached skill level 15 in Earth Magic
 18539 | Lair:3   | Reached skill level 15 in Alchemy
 18596 | Lair:3   | Reached skill level 10 in Dodging
 18816 | Lair:3   | Found a staircase to the Snake Pit.
 19097 | Lair:4   | Found a hazy altar of Hepliaklqana.
 19466 | Lair:4   | Reached XP level 15. HP: 99/114 MP: 0/0
 19466 | Lair:4   | Learned a level 6 spell: Death Channel
 19751 | Lair:4   | Found a staircase to the Slime Pits.
 20237 | Lair:5   | Entered Level 5 of the Lair of Beasts
 20400 | Lair:4   | Reached skill level 5 in Shields
 21098 | Lair:5   | Reached skill level 10 in Shields
 21215 | Lair:5   | Reached XP level 16. HP: 99/121 MP: 0/0
 21459 | Lair:5   | Identified a scroll of acquirement
 21689 | Orc:1    | Entered Level 1 of the Orcish Mines
 21788 | Orc:1    | Upgraded the game from 0.32-a0-450-g080537f31e to
                  | 0.32-a0-471-gb91d5d9764
 22055 | Orc:2    | Entered Level 2 of the Orcish Mines
 22055 | Orc:2    | Found a staircase to the Elven Halls.
 22389 | Orc:2    | Found a runed translucent gate.
 22389 | Orc:2    | Found a runed translucent gate.
 22389 | Orc:2    | Found a runed translucent gate.
 22478 | Orc:2    | Found a roughly hewn altar of Beogh.
 22565 | Orc:2    | Found a roughly hewn altar of Beogh.
 22574 | Orc:2    | Found Haofuof's Weapon Shop.
 22681 | Orc:2    | Found a roughly hewn altar of Beogh.
 22827 | Orc:2    | Found a roughly hewn altar of Beogh.
 22887 | Orc:2    | Found Fucez's Magic Scroll Boutique.
 22890 | Orc:2    | Bought a scroll of enchant weapon for 105 gold pieces
 22890 | Orc:2    | Bought a scroll of enchant armour for 105 gold pieces
 22890 | Orc:2    | Bought 2 scrolls of teleportation for 84 gold pieces
 22986 | Orc:2    | Found a roughly hewn altar of Beogh.
 23001 | Orc:2    | Found Ide Aschu's Jewellery Shoppe.
 23063 | Orc:2    | Found Pih Cang's Antique Weapon Shop.
 23064 | Orc:2    | Found a roughly hewn altar of Beogh.
 23065 | Orc:2    | Found Puhutz's Antique Armour Boutique.
 23185 | Orc:2    | Noticed Konar's ghost (journeyman CoHu)
 23211 | Orc:2    | Killed Konar's ghost
 23471 | D:13     | Found a gate to the Vaults.
 23683 | D:13     | Found a transporter.
 24448 | D:14     | Reached skill level 1 in Armour
 24575 | D:14     | Noticed Lodul
 24595 | D:14     | Killed Lodul
 24779 | D:14     | Identified the ring "Ismy" {rPois EV+5}
 24779 | D:14     | Noticed Azrael
 24948 | D:14     | Reached skill level 5 in Armour
 25196 | D:14     | Identified the +3 dire flail "Worm's Wrath" {holy, rElec
                  | Will- rCorr MP+9}
 25196 | D:14     | Noticed a tengu reaver
 25208 | D:14     | Killed a tengu reaver
 25357 | D:14     | Reached XP level 17. HP: 113/125 MP: 0/0
 25357 | D:14     | Learned a level 6 spell: Bombard
 25489 | D:14     | Killed Azrael
 25863 | D:15     | Entered Level 15 of the Dungeon
 26001 | D:15     | Noticed Jorgrun
 26005 | D:15     | Killed Jorgrun
 26555 | D:15     | Found an ornate altar of the Wu Jian Council.
 26808 | D:15     | Found a staircase to the Depths.
 26899 | D:15     | Acquired a manual of Fighting
 27156 | Snake:1  | Entered Level 1 of the Snake Pit
 27244 | Snake:1  | Identified the serpent talisman of Untruth {rElec Int+2}
 27244 | Snake:1  | Noticed Aizul
 27251 | Snake:1  | Killed Aizul
 27629 | Snake:1  | Reached skill level 15 in Fighting
 29069 | Snake:2  | Reached XP level 18. HP: 142/143 MP: 0/0
 30121 | Snake:3  | Found Qiryqyd's Book Emporium.
 30490 | Snake:4  | Entered Level 4 of the Snake Pit
 30672 | Snake:4  | Found Gemmusch's Jewellery Shoppe.
 30947 | Snake:4  | Reached XP level 19. HP: 150/150 MP: 0/0
 30947 | Snake:4  | Learned a level 6 spell: Conjure Ball Lightning
 30987 | Snake:4  | Found an iron altar of Okawaru.
 31000 | Snake:4  | Got a serpentine rune of Zot
 31615 | Shoals:1 | Entered Level 1 of the Shoals
 31626 | Shoals:1 | Noticed Donald
 31633 | Shoals:1 | Killed Donald
 31637 | Shoals:1 | Noticed Mlioglotl
 31644 | Shoals:1 | Killed Mlioglotl
 31738 | Shoals:1 | Found Petzihim's Weapon Shop.
 31990 | Shoals:1 | Noticed Louise
 31996 | Shoals:1 | Killed Louise
 32148 | Shoals:1 | Killed Kirke
 32685 | Shoals:2 | Noticed Ilsuiw
 32739 | Shoals:2 | Killed Ilsuiw
 32852 | Shoals:2 | Found Qeukh's Antique Armour Emporium.
 33791 | Shoals:3 | Found Nopeyxea's Gadget Gallery.
 34166 | Shoals:4 | Entered Level 4 of the Shoals
 34230 | Shoals:4 | Reached XP level 20. HP: 157/157 MP: 0/0
 34480 | Shoals:4 | Found Jigionyng's Assorted Antiques.
 34744 | Shoals:4 | Got a barnacled rune of Zot
 35064 | Shoals:4 | Identified the ring "Zuirozxu" {rF+ rCorr Dex+6 Slay+2}
 35372 | Snake:4  | Bought the ring of the Blue Skies {rElec rPois Will+ AC+4}
                  | for 1196 gold pieces
 35687 | Vaults:1 | Entered Level 1 of the Vaults
 35853 | Vaults:1 | Reached skill level 15 in Dodging
 36347 | Vaults:1 | Identified the +1 plate armour of Sielezyz {Rampage
                  | *Corrode MP+9}
 36442 | Vaults:1 | Reached skill level 10 in Armour
 36621 | Vaults:1 | Reached XP level 21. HP: 163/163 MP: 0/0
 36621 | Vaults:1 | Learned a level 8 spell: Infestation
 37788 | Vaults:2 | Identified the +2 hat of Parlour Games {-Cast rC+ Str+7}
 38071 | Vaults:2 | Annihilated by a caustic shrike simulacrum

Illustrated notes

Levels and vault maps discovered:
D:1:      arrival_aquarium_a, layout_loops_cross,
          hellmonk_ecumenical_altar_leap_of_faith
D:2:      layout_loops_ring
D:3:      layout_loops_ring
D:4:      layout_basic, mainiacjoe_overflow_chevrons
D:5:      layout_cave_pools, minmay_misc_feat_nine_boxes
D:6:      layout_basic, minmay_temple_entry_trees,
          nicolae_kite_square_tiling_tiny, serial_bayou_pond_e,
          eino_small_chamber_without_monster
D:7:      layout_gridville, grunt_dithmenos_shadows
D:8:      layout_basic, interstate_on_off
D:9:      layout_loops_ring, erik_lair_dragon, erik_orc_1, serial_glass,
          glass_columns_a, glass_columns_a, enter_bailey_5, st_stairs_3
D:10:     okawaru_arena_lexackson, layout_irregular_city
D:11:     layout_rooms, uniq_sonja
D:12:     layout_roguey [special_room_bee], portal_ice_cave_demonic_guard,
          st_stairs_7
D:13:     layout_irregular_city, david_vaults_4, nicolae_diode_basic
D:14:     minmay_expanding_squares, layout_basic, minivault_19,
          serial_bayou_pond_a, minmay_pinched_square, uniq_azrael, uniq_lodul
D:15:     grunt_enter_depths_snipers, layout_loops_cross,
          nzn_wu_jian_council_hall, uniq_jorgrun
Temple:   mainiacjoe_temple_big_plus
Lair:1:   layout_misc_corridors, basic_altar, uniq_urug
Lair:2:   layout_roguey, serial_rivers, chequers_serial_rivers_micro_c,
          chequers_serial_rivers_micro_a, chequers_serial_rivers_room_a,
          chequers_serial_rivers_marsh
Lair:3:   nzn_winding_woodlands_stair_cross
          [nzn_winding_woodlands_5x15_split_checker,
          nzn_winding_woodlands_center_pierced_h,
          nzn_winding_woodlands_5x15_parted, nzn_winding_woodlands_hourglass,
          nzn_winding_woodlands_5x5_three, nzn_winding_woodlands_5x15_pool,
          nzn_winding_woodlands_center_garden,
          nzn_winding_woodlands_5x15_default], layout_long_grid,
          minmay_shoals_entry_hut, alex1729_snake_entry_snake,
          serial_bayou_shore_a
Lair:4:   minmay_lair_oklob_chamber, layout_cave_pods, slime_entry_1,
          basic_altar
Lair:5:   minmay_lair_end_frog_pond, layout_long_grid
Shoals:1: layout_shoals, serial_shops, nicolae_shop_behind_doors,
          uniq_mlioglotl, uniq_donald, uniq_kirke, uniq_louise
Shoals:2: layout_shoals, serial_shops, shop_fountains, uniq_ilsuiw
Shoals:3: layout_shoals, nicolae_shop_gadgets
Shoals:4: shoals_end_simple, layout_shoals, serial_shops, shop
Snake:1:  layout_onion_interference, drop_trap, uniq_aizul
Snake:2:  layout_chambers, serial_bayou_shore_b, grunt_megastairs_4
Snake:3:  layout_basic, minmay_shop_grid_forest, nicolae_snake_gridmaze_squiggle
Snake:4:  grunt_snake_rune_serpentine_throne, layout_cave_town, serial_shops,
          nicolae_diamond_shop, drop_trap, nicolae_snake_flat_spine
Orc:1:    layout_diamond_mine
Orc:2:    grunt_orc_community_town_hall, layout_caves,
          grunt_orc_community_big_house_1, grunt_orc_community_big_house_1,
          grunt_orc_community_house_2, grunt_orc_community_house_2,
          grunt_orc_community_house_3, grunt_orc_community_house_2,
          serial_shops, nicolae_shop_rolled_up, gammafunk_ghost_necromancy
Vaults:1: v_misc_1, v_misc_4, hangedman_vaults_slither,
          nicolae_vaults_shock_wave, ontoclasm_vaults_claustrophobia, v_misc_19,
          nicolae_vaults_storage_closets_2, nicolae_vaults_turnstiles,
          serial_library_hellmonk_semicircle,
          nicolae_vaults_door_testing_chamber, layout_vaults_omnibox
Vaults:2: nicolae_vaults_puzzle_piece, v_misc_30, dpeg_vaults_monster_box,
          grunt_vaults_swirl, lightli_orcish_oven,
          nicolae_vaults_frosty_reception, vaults_dpeg_hooks,
          layout_vaults_omnigrid, serial_magic_research,
          hangedman_research_probablistics, hangedman_research_convocations,
          hangedman_research_thermodynamics

Skill      XL: |  1  2  3  4  5  6  7  8  9 10 11 12 13 14 15 16 17 18 19 20 21 |
---------------+----------------------------------------------------------------+-----
Spellcasting   | 4 5 6 8 10 12 13 15 16 17 18 20 | 20.3
Conjurations   | 4 5 6 8 10 12 13 15 16 17 18 20 | 20.3
Hexes          | 4 5 6 8 10 12 13 15 16 17 18 20 | 20.3
Summonings     | 4 5 6 8 10 12 13 15 16 17 18 20 | 20.3
Necromancy     | 4 5 6 8 10 12 13 15 16 17 18 20 | 20.3
Translocations | 4 5 6 8 10 12 13 15 16 17 18 20 | 20.3
Fire Magic     | 4 5 6 8 10 12 13 15 16 17 18 20 | 20.3
Ice Magic      | 4 5 6 8 10 12 13 15 16 17 18 20 | 20.3
Air Magic      | 4 5 6 8 10 12 13 15 16 17 18 20 | 20.3
Earth Magic    | 4 5 6 8 10 12 13 15 16 17 18 20 | 20.3
Alchemy        | 4 5 6 8 10 12 13 15 16 17 18 20 | 20.3
Shields        | 1 2 10 11 | 11.1
Dodging        | 4 9 11 12 15 | 15.0
Fighting       | 6 11 13 17 18 | 18.0
Armour         | 5 7 10 13 | 13.0
Stealth        | |  1.5

Action                     |  1- 3 |  4- 6 |  7- 9 | 10-12 | 13-15 | 16-18 | 19-21 || total
---------------------------+-------+-------+-------+-------+-------+-------+-------++-------
  Melee: Staff             |       |       |       |       |       |       |     3 ||     3
   Cast: Foxfire           |   103 |   148 |    82 |   148 |   457 |   520 |   409 ||  1867
         Scorch            |     5 |    18 |    22 |    56 |    65 |     3 |    71 ||   240
         Inner Flame       |       |    22 |    61 |   112 |   147 |    36 |     1 ||   379
         Shock             |       |       |    30 |    21 |     1 |    10 |     1 ||    63
         Stone Arrow       |       |       |     2 |    31 |    45 |   143 |    17 ||   238
         Teleport Other    |       |       |     1 |     1 |     2 |     2 |       ||     6
         Flame Wave        |       |       |       |    10 |    12 |    15 |     8 ||    45
         Fulminant Prism   |       |       |       |    50 |    14 |   128 |    45 ||   237
         Iskenderun's Batt |       |       |       |       |   205 |   272 |   120 ||   597
         Death Channel     |       |       |       |       |     8 |    52 |    47 ||   107
         Bombard           |       |       |       |       |       |   100 |   186 ||   286
         Call Imp          |       |       |       |       |       |     3 |       ||     3
         Conjure Ball Ligh |       |       |       |       |       |       |    11 ||    11
         Infestation       |       |       |       |       |       |       |    20 ||    20
    Use: Scroll            |       |       |    13 |     9 |     8 |     9 |     2 ||    41
         Potion            |       |       |       |     6 |       |     1 |     1 ||     8
 Armour: Robe              |     1 |     3 |    14 |    22 |       |       |       ||    40
         Steam dragon scal |       |       |       |    53 |     6 |       |       ||    59
         Troll leather arm |       |       |       |       |   159 |   153 |   150 ||   462
  Dodge: Dodged            |     1 |     2 |     4 |    33 |    55 |   129 |   106 ||   330
  Block: Buckler           |       |     1 |       |       |       |       |       ||     1
         Kite shield       |       |       |       |       |    19 |   164 |   115 ||   298
         Reflection        |       |       |       |       |       |       |    15 ||    15

Table legend: (Time is in decaauts)
 A = Elapsed time spent in this place.
 B = Non-inter-level travel time spent in this place.
 C = Inter-level travel time spent in this place.
 D = Time resting spent in this place.
 E = Time spent auto-exploring this place.
 F = Levels seen in this place.
 G = Mean time per level.
                   A        B        C        D        E       F      G
               +--------+--------+--------+--------+--------+-----+--------+
         Total |  38071 |  34603 |   3468 |   4861 |  23214 |  35 | 1087.7 |
       Dungeon |  18250 |  16206 |   2044 |   3396 |  10518 |  15 | 1216.7 |
        Temple |     45 |      1 |     44 |      0 |      0 |   1 |   45.0 |
          Lair |   5938 |   5436 |    502 |    483 |   3620 |   5 | 1187.6 |
        Shoals |   3622 |   3429 |    193 |    139 |   2509 |   4 |  905.5 |
     Snake Pit |   4581 |   4181 |    400 |    168 |   3211 |   4 | 1145.2 |
  Orcish Mines |   1619 |   1516 |    103 |     42 |   1087 |   2 |  809.5 |
        Vaults |   2385 |   2207 |    178 |    100 |   1603 |   2 | 1192.5 |
        Bailey |    745 |    745 |      0 |    123 |    415 |   1 |  745.0 |
      Ice Cave |    881 |    881 |      0 |    409 |    251 |   1 |  881.0 |
               +--------+--------+--------+--------+--------+-----+--------+

Top non-repeatable levels by time:
     D:9: 2763 daAuts
     D:8: 1826 daAuts
  Lair:3: 1734 daAuts
 Snake:2: 1721 daAuts
Vaults:1: 1562 daAuts
    D:14: 1473 daAuts
     D:1: 1320 daAuts
  Lair:4: 1291 daAuts
    D:10: 1283 daAuts
   Orc:2: 1231 daAuts
     D:7: 1195 daAuts
  Lair:5: 1137 daAuts
    D:11: 1092 daAuts
    D:13: 1088 daAuts
Shoals:1: 1069 daAuts
